 Dungeon Sprint DCSS version 0.29-a0-838-g385bb11a5b (webtiles) character file.

Game seed: 6436007796440537685

0 purpskrrrp the Charlatan (level 1, 0/15 HPs)
             Began as a Formicid Artificer on July 13, 2022.
             Slain by a kobold
             ... wielding a +0 short sword
              (3 damage)
             ... in the Dungeon (Sprint IX: "|||||||||||||||||||||||||||||").
             The game lasted 00:00:16 (11 turns).

purpskrrrp the Charlatan (Formicid Artificer)         Turns: 11, Time: 00:00:16

Health: 0/15       AC:  3    Str: 16    XL:     1   Next: 11%
Magic:  1/1        EV: 11    Int: 10    God:
Gold:   0          SH:  0    Dex: 14    Spells: 0/0 levels left

rFire   . . .      SeeInvis +   a - +0 club
rCold   . . .      Faith    .   (no shield)
rNeg    . . .      Spirit   .   b - +0 leather armour
rPois   .          Reflect  .   (helmet unavailable)
rElec   .          Harm     .   (no cloak)
rCorr   .          Rampage  .   (no gloves)
Will    .....                   (no boots)
Stlth   ++........              (no amulet)
HPRegen 0.05/turn               (no ring)
MPRegen 0.07/turn               (no ring)

@: no status effects
A: permanent stasis, dig shafts and tunnels, antennae 3, four strong arms
a: Dig


You were in the Dungeon.
You visited 1 branch

Inventory:

Hand Weapons
 a - a +0 club (weapon)
Armour
 b - a +0 leather armour (worn)
Wands
 c - a wand of flame (15) (quivered)
 d - a wand of charming (15)
 e - a wand of iceblast (9)
Potions
 f - a potion of curing
 g - a potion of heal wounds
 h - 2 potions of magic


   Skills:
 + Level 1.1 Fighting
 + Level 2.3 Armour
 + Level 0.8 Dodging
 + Level 1.2 Stealth
 + Level 3.6 Evocations


You couldn't memorise any spells.
You didn't know any spells.
Your spell library was empty.

Dungeon Overview and Level Annotations

Branches:
Dungeon (1/1)

Altars:


Innate Abilities, Weirdness & Mutations

You cannot be hasted, slowed, berserked, paralysed or teleported.
You can dig through walls and to a lower floor.
You have a pair of large antennae on your head. (SInv)
Your four strong arms can wield two-handed weapons with a shield.


Message History

Welcome, purpskrrrp the Formicid Artificer.
Press ? for a list of commands and other information.
Found a staircase leading out of the dungeon.
You sense a monster nearby.
You open the door. 2 goblins, a frilled lizard, a kobold and a ball python come into view.
There is an open door to the Dungeon here.
The helpless ball python fails to defend itself.
You hit the ball python.
The ball python is moderately wounded.
The frilled lizard hisses angrily.
The kobold shouts!
The ball python bites you. The ball python grabs you.
The ball python constricts you. The ball python closely misses you.
The ball python constricts you.
You barely miss the ball python. The ball python bites you.
The ball python constricts you.
The goblin shouts!
You hit the ball python.
You kill the ball python!
You barely miss the kobold. The kobold barely misses you.
The kobold hits you with a +0 short sword.
You barely miss the kobold. The kobold misses you.
You barely miss the kobold.
The kobold hits you with a +0 short sword.
You hit the kobold.
The kobold is severely wounded.
The kobold hits you with a +0 short sword.
* * * LOW HITPOINT WARNING * * *
The kobold hits you with a +0 short sword.
You die... ▓▓▓▓▓▓▓▓▓▓▓▓ +.gglK@...<▓ ▓▓▓▓▓▓▓▓▓▓▓▓

You could see a hobgoblin, a goblin, a kobold and a frilled lizard.

Vanquished Creatures
  A ball python (D)
1 creature vanquished.

Notes
Turn   | Place    | Note
-------+----------+-------------------------------------------
     0 | D        | purpskrrrp the Formicid Artificer began the quest for the
                  | Orb.
     0 | D        | Reached XP level 1. HP: 15/15 MP: 1/1
    11 | D        | Slain by a kobold

Illustrated notes

Levels and vault maps discovered:
D:        linesprint [early_d, line_temple, items_1, d_10, items_2, lair_1,
          lair_end, items_3, orc_1, orc_end, items_4, d_15, swamp_1, shoals_1,
          snake_1, spider_1, d_20, vaults_1, items_5, swamp_end, shoals_end,
          snake_end, spider_end, vaults_end, d_27, items_6, zot_1, zot_end,
          crypt_end, forest_end, elf_end, slime_end, tomb_end, abyss_end,
          pan_hell_end]

Action                   || total
-------------------------++-------
Melee: Club              ||     7
 Stab: Sleeping          ||     1
Dodge: Dodged            ||     3

Table legend: (Time is in decaauts)
 A = Elapsed time spent in this place.
 B = Non-inter-level travel time spent in this place.
 C = Inter-level travel time spent in this place.
 D = Time resting spent in this place.
 E = Time spent auto-exploring this place.
 F = Levels seen in this place.
 G = Mean time per level.
                   A        B        C        D        E       F      G
               +--------+--------+--------+--------+--------+-----+--------+
         Total |     12 |     12 |      0 |      0 |      0 |   1 |   12.0 |
       Dungeon |     12 |     12 |      0 |      0 |      0 |   1 |   12.0 |
               +--------+--------+--------+--------+--------+-----+--------+

Top non-repeatable levels by time:
       D: 12 daAuts
